 Dungeon Crawl Stone Soup version 0.29.1-12-g30fa7ad0bf (webtiles) character file.

Game seed: 1419178994132507843

140 112233 the Digger (level 5, 0/31 HPs)
             Began as an Octopode Earth Elementalist on Dec 22, 2022.
             Succumbed to a scorpion's poison
             ... on level 4 of the Dungeon.
             The game lasted 00:02:08 (3657 turns).

112233 the Digger (Octopode Earth Elementalist)     Turns: 3657, Time: 00:02:09

Health: 0/31       AC:  1    Str: 12    XL:     5   Next: 23%
Magic:  1/7        EV: 13    Int: 18    God:
Gold:   229        SH:  0    Dex: 11    Spells: 2/8 levels left

rFire   . . .      SeeInvis +   f - staff of air
rCold   . . .      Faith    .   (no shield)
rNeg    . . .      Spirit   .   (helmet restricted)
rPois   .          Reflect  .   (no amulet)
rElec   +          Harm     .   (no ring)
rCorr   .          Rampage  .   (no ring)
Will    .....                   (no ring)
Stlth   +++.......              (no ring)
HPRegen 0.10/turn               (no ring)
MPRegen 0.10/turn               (no ring)
                                (no ring)
                                (no ring)

@: lethally poisoned (0 -> -8), flying
A: almost no armour, amphibious, 8 rings, camouflage 1, gelatinous body 1,
(nimble swimmer 1), tentacles, see invisible, low MP 1, strong 1, subdued magic
1
a: no special abilities


You were on level 4 of the Dungeon.
You visited 1 branch of the dungeon, and saw 4 of its levels.

You collected 229 gold pieces.

Inventory:

Magical Staves
 f - a staff of air (weapon)
Jewellery
 g - a ring of resist corrosion
Scrolls
 e - a scroll of teleportation {unknown}
 i - a scroll of identify {unknown}
 j - a scroll of blinking {unknown}
 k - 2 scrolls of vulnerability {unknown}
 l - a scroll of poison {unknown}
Potions
 a - a potion of magic
 b - a potion of mutation
 d - 2 potions of resistance


   Skills:
 - Level 2.1 Dodging
 - Level 2.9 Stealth
 - Level 2.1 Spellcasting
 - Level 1.1 Transmutations
 + Level 5.5 Earth Magic


You had 2 spell levels left.
You knew the following spells:

 Your Spells              Type           Power      Damage    Failure   Level
a - Sandblast             Erth           32%        2d9       1%          1
b - Stone Arrow           Conj/Erth      18%        3d8       14%         3
c - Passwall              Tmut/Erth      8%         N/A       5%          2

Your spell library contained the following spells:

 Spells                   Type           Power      Damage    Failure   Level
 Petrify                  Tmut/Erth      10%        N/A       36%         4
 Inner Flame              Hex/Fire       1%         N/A       43%         3
 Cause Fear               Hex            0%         N/A       85%         4
 Discord                  Hex            0%         N/A       100%        8


Dungeon Overview and Level Annotations

Branches:
Dungeon (4/15)
 Temple: D:4-7

Altars:
Ashenzari
Cheibriados
Gozag
Hepliaklqana
Nemelex Xobeh
Trog


Innate Abilities, Weirdness & Mutations

You cannot wear most types of armour.
You are amphibious.
You can wear up to eight rings at the same time.
Your skin changes colour to match your surroundings (Stealth+).
Your rubbery body absorbs attacks. (AC +1, EV +1)
((You are camouflaged when in or above water. (Stealth+)))
You have tentacles for arms and can constrict up to eight enemies at once.
You have supernaturally acute eyesight. (SInv)
Your magical capacity is low. (-10% MP)
Your muscles are strong. (Str +4, Int/Dex -1)
Your spells are a little easier to cast, but a little less powerful.


Message History

Aim: a scorpion (moderately wounded, 64% to hit)
The stone arrow misses the scorpion.
The stone arrow hits the adder!
You kill the adder!
You feel sick. The scorpion stings you.
Unknown command.
Casting: Stone Arrow (quite dangerous; 14% risk of failure)
Confirm with . or Enter, or press ? or * to list all spells.
You don't have enough magic to cast this spell.
A scorpion is nearby!
Unknown command.
Casting: Stone Arrow (quite dangerous; 14% risk of failure)
Confirm with . or Enter, or press ? or * to list all spells.
Aiming: Sandblast (safe; 1% risk of failure)
Press: ? - help, Shift-Dir - straight line, f/p - scorpion
Aim: a scorpion (moderately wounded, 82% to hit)
The blast of sand hits the scorpion but does no damage.
The scorpion is moderately wounded.
You feel sick. The scorpion stings you.
* * * LOW HITPOINT WARNING * * *
You are lethally poisoned!
The scorpion poisons you! The scorpion barely misses you.
It was a potion of flight.
You feel very buoyant.
You fly up into the air.
* * * LOW HITPOINT WARNING * * *
You feel very sick.
The scorpion stings you but does no damage.
Unknown command.
Okay, then.
As you read the scroll labelled RYOCON ZEAVU, it crumbles to dust.
It is a scroll of amnesia.
Really abort (and waste the scroll)?
Okay, then.
* * * LOW HITPOINT WARNING * * *
You feel very sick. The scorpion misses you.
Unknown command.
Unknown command.
Unknown command.
You die...

#### ### ##...#
#.# #..⌠..##.###
.......#...
..._..(#.#
.8...8†s.#
..._...#@#
.......#.#
#..⌠..##.#
##...##..# ####
#.## #.# #.#
##.####.#####..
#..............
###
##<.............


You could see a scorpion.

Vanquished Creatures
  3 gnolls (D:3)
  6 adders
  2 dart slugs
  6 ball pythons
  4 endoplasms
  3 giant cockroaches
  8 goblins
  2 hobgoblins (D:2)
  2 jackals (D:3)
  2 quokkas
  7 bats
  5 kobolds
  5 rats
55 creatures vanquished.

Notes
Turn   | Place    | Note
-------+----------+-------------------------------------------
     0 | D:1      | 112233 the Octopode Earth Elementalist began the quest for
                  | the Orb.
     0 | D:1      | Reached XP level 1. HP: 11/11 MP: 3/3
   245 | D:1      | Reached XP level 2. HP: 17/17 MP: 3/5
   606 | D:1      | Found a faded altar of an unknown god.
  1232 | D:2      | Reached XP level 3. HP: 21/21 MP: 4/6
  1558 | D:2      | Reached skill level 4 in Earth Magic
  1562 | D:2      | Learned a level 3 spell: Stone Arrow
  1565 | D:2      | Learned a level 2 spell: Passwall
  2198 | D:3      | Reached XP level 4. HP: 27/27 MP: 5/7
  2324 | D:3      | Reached skill level 5 in Earth Magic
  2877 | D:3      | Reached XP level 5. HP: 17/31 MP: 4/8
  2877 | D:3      | Gained mutation: You have supernaturally acute eyesight.
                  | (SInv) [potion of mutation]
  2877 | D:3      | Gained mutation: Your spells are a little easier to cast,
                  | but a little less powerful. [potion of mutation]
  2877 | D:3      | Gained mutation: Your magical capacity is low. (-10% MP)
                  | [potion of mutation]
  2877 | D:3      | Gained mutation: Your muscles are strong. (Str +4, Int/Dex
                  | -1) [potion of mutation]
  3407 | D:3      | Found a hazy altar of Hepliaklqana.
  3407 | D:3      | Found a bloodstained altar of Trog.
  3415 | D:3      | Found a snail-covered altar of Cheibriados.
  3417 | D:3      | Found a faded altar of an unknown god.
  3419 | D:3      | Found a faded altar of an unknown god.
  3623 | D:4      | Found a broken altar of Ashenzari.
  3646 | D:4      | Found an opulent altar of Gozag.
  3647 | D:4      | Found a sparkling altar of Nemelex Xobeh.
  3657 | D:4      | Succumbed to a scorpion's poison

Illustrated notes

Levels and vault maps discovered:
D:1:      sevenhm_arrival_forest_fort_small_4, layout_loops_ring,
          shapermc_ecumenical_altar_gd, kennysheep_another_room
D:2:      layout_loops_corners, columned_hall_lemuel
D:3:      minmay_spotlight, layout_basic, chequers_temple_overflow_minitemple
D:4:      layout_loops_ring, grunt_temple_overflow_opulence,
          nicolae_overflow_crystal_walls, zin_treasury

Skill      XL: |  1  2  3  4 |
---------------+-------------+-----
Earth Magic    | 4 5 |  5.5
Dodging        | |  2.1
Stealth        | |  2.9
Spellcasting   | |  2.1
Transmutations | |  1.1

Action                   |  1- 3 |  4- 6 || total
-------------------------+-------+-------++-------
Melee: Unarmed           |     1 |       ||     1
       Staff             |     5 |     4 ||     9
       Constrict         |     2 |     1 ||     3
       Tentacles         |     1 |       ||     1
 Cast: Sandblast         |    42 |    29 ||    71
       Stone Arrow       |       |     1 ||     1
  Use: Potion            |       |     6 ||     6
       Scroll            |       |     1 ||     1
Armor: Skin              |     1 |     2 ||     3
Dodge: Dodged            |    10 |    24 ||    34
